Zazza, neutral female human Wizard ----- ----- --- ----- ---- --.|.-- -----...| --- ---- --.---- |...-- |..| |.....| ---.|.....| --.----..| |.....------|....-- |..| --....-- |.........---...I|...------ --......--.---....| --.-- --.....| |......)..........I@..--..-- |...............-| |..-- --......-- ---.............--.b.......| --.[..............| |...| |........-- |..........-------......-| |...[^--.......--.--- |..-| --........| --.[........| --.......----.--.--|...|..--|...| |...| --......-- |...........| ---.-....>..|...|..| |...|--- ---.----|..-| --.....| ---- |.....---...| |...........|.------ ---.-- |....||.-.| ----..---..-- ----..<.| |...| |.........--|.| ----..-- |....||...| |...|....| ---.--....---..-- ---..--...| |.| --.|....| |....||...| |.......----.........(...----------|---.--|.| |......-- ---.--|.--- --.............)...................| |...|.-- --.....| |...|.| ---......--..............-----...-- ------.|..-- --.....-- ---.|.| --...--...........................| | |.....| |.......-- ---...-- |..------.................-----...| -----...| --.......| |......| |..| --.---...........-- --.-- | ----- ---.|..-- |......| ---- --- --.|.--.--..| $ --- ------ ---.---- ------------ --- Zazza the Thaumaturge Experience level: 8 Strength: 9 Dexterity: 17 Constitution: 16 Intelligence: 18 Wisdom: 13 Charisma: 9 Health: 0(61) Energy: 55(70) Def: 3 Gold: 72 Moves: 5989 Dungeon seed: wzC2JVNzGA2YPG8b Game ID: Zazza_1577187628 Your Inventory: Coins $ - 72 gold pieces Weapons a - a blessed +1 quarterstaff p - 3 blessed +0 daggers (wielded) x - 11 +0 daggers J - 12 cursed -2 crossbow bolts Armor e - an uncursed +0 cloak of magic resistance (being worn) F - a blessed +1 pair of water walking boots (being worn) Comestibles g - an uncursed lizard corpse A - an uncursed apple Scrolls b - a blessed scroll of remove curse f - a cursed scroll of gold detection k - an uncursed scroll of light s - 3 uncursed scrolls of teleportation t - an uncursed scroll of enchant weapon B - a cursed scroll of earth Spellbooks l - an uncursed spellbook of detect food V - an uncursed spellbook of remove curse Potions C - an uncursed potion of gain level Rings c - an uncursed ring of warning d - an uncursed +1 ring of increase accuracy u - a cursed ring of conflict v - an uncursed ring of regeneration W - an uncursed ring of sustain ability Wands j - a blessed wand of teleportation (0:7) D - a wand of sleep (0:7) G - a wand of cancellation (0:3) Tools h - an uncursed skeleton key m - the blessed Eyes of the Overworld (being worn) o - an uncursed skeleton key w - an uncursed mirror Q - an uncursed magic whistle T - a +0 pick-axe U - an uncursed skeleton key Z - an uncursed magic lamp Gems i - an uncursed worthless piece of black glass n - an uncursed flint stone q - 2 uncursed turquoise stones r - 3 uncursed worthless pieces of blue glass z - 2 uncursed worthless pieces of orange glass M - 2 uncursed worthless pieces of red glass N - 3 uncursed worthless pieces of yellowish brown glass S - an uncursed worthless piece of white glass Y - an uncursed jade stone Spells and supernatural/magical abilities: Name Level Category Fail Memory a - force bolt 1 attack 0% 71% m - magic missile 2 attack 0% 71% r - remove curse 3 clerical 77% 94% s - slow monster 2 enchantment 0% 71% E - detect food 2 divination 43% 99% S - stone to flesh 3 healing 77% 79% W - pray for help -- divine ? -- Your skills at the end: Fighting Skills Weapon Skills dagger [Expert] quarterstaff [Basic] Spellcasting Skills attack spells [Skilled] enchantment spells [Basic] Final Attributes: You were piously aligned. You were poison resistant. You were magic-protected. You could walk on water. You are dead. Vanquished creatures: a dwarf king a tengu an ochre jelly a giant spider a gnome king 2 lizards a dingo a raven a fire ant a bugbear 5 Uruk-hai a pony 4 yellow lights a shrieker 2 violet fungi 14 gnome lords 5 gnomish wizards 3 elf zombies a ghoul a paper golem a little dog a floating eye a kitten 20 dwarves a homunculus a kobold lord a rabid rat 3 giant bats 3 monkeys 2 wererats an iguana 6 killer bees 3 hobbits a large kobold 5 giant rats a brown mold 2 yellow molds 2 red molds 59 gnomes a gecko 8 jackals 2 foxes a goblin 7 grid bugs 2 lichens a kobold zombie 4 newts 188 creatures vanquished. Voluntary challenges: You had been an atheist until turn 3250. You used a wielded weapon 249 times, starting on turn 271. You read items or engraved 26 times, starting on turn 4. You never genocided any monsters. You never polymorphed an object. You never changed form. You used 1 wish, starting on turn 3782. You wished for your your first artifact on turn 3782. You never split a pudding. You wrote Elbereth's name 9 times, starting on turn 1475. You violated your moral code, losing 10 points of alignment, starting on turn 2215. Dungeon overview: The Dungeons of Doom: levels 1 to 3 Level 1 a long staircase Level 2 an altar to Anhur Level 3 a general store, some fountains stairs to The Gnomish Mines The Gnomish Mines: levels 4 to 11 Level 4 stairs to The Dungeons of Doom Level 5 Level 6 Level 7 some shops, a temple to Thoth, some fountains, a sink Level 8 Level 9 Level 10 Level 11 <- You were here History has recorded: On T:1 you entered the Dungeons of Doom to retrieve the Amulet of Yendor! On T:498 you reached level 2 of The Dungeons of Doom. On T:745 you reached level 3 of The Dungeons of Doom. On T:997 you advanced to experience level 2. On T:1359 you reached level 1 of The Gnomish Mines. On T:1384 you advanced to experience level 3. On T:1417 you reached level 3 of The Gnomish Mines. On T:1460 you advanced to experience level 4. On T:1689 you advanced to experience level 5. On T:1858 you reached level 2 of The Gnomish Mines. On T:1950 you advanced to experience level 6. On T:2647 you advanced to experience level 7. On T:3058 you reached level 4 of The Gnomish Mines. On T:3782 you wished for "blessed Eyes of the Overworld". On T:3926 you reached level 5 of The Gnomish Mines. On T:4410 you reached level 6 of The Gnomish Mines. On T:4677 you advanced to experience level 8. On T:4934 you reached level 7 of The Gnomish Mines. On T:5535 you reached level 8 of The Gnomish Mines. Score breakdown: Gold: 72 ( 6338 points) Experience: 8 levels (14739 points) Exploration: 11 levels ( 22.92%) (13837 points) Discoveries: 16 items ( 5.57%) ( 7083 points) Valuables value: (no points given unless you survive) Artifact value: 2500 (11559 points) Variety of kills: 47 monsters ( 12.34%) (10536 points) Turncount: 5989 turns (-1621 points) Survival: died (score multiplied by 80%) Total score: 49976 Latest messages: That food really hit the spot! You finish eating the food ration. You stop exploring. It hits! You hit it. It hits! You hit it. It hits! You hit it. It hits! You hit it. It hits! It hits! The magic missile hits it! The magic missile hits the lizard! It hits! You die... Final status: Goodbye Zazza the Wizard, killed by an invisible stalker... You died in The Gnomish Mines on dungeon level 11 with 49976 points, and 72 pieces of gold, after 5989 moves. You were level 8 with a maximum of 61 hit points when you died.